 Dungeon Crawl Stone Soup version 0.30-a0-723-gc1506a1cf0 (webtiles) character file.

Game seed: 11518679361531068000

126 hbarley the Cruncher (level 5, 0/37 HPs)
             Began as a Gnoll Wanderer on Jan 29, 2023.
             Slain by a gnoll
             ... wielding a +0 spear
              (1 damage)
             ... on level 2 of the Dungeon.
             The game lasted 00:05:12 (1162 turns).

hbarley the Cruncher (Gnoll Wanderer)               Turns: 1162, Time: 00:05:13

Health: 0/37       AC: 15    Str: 11    XL:     5   Next: 9%
Magic:  12/12      EV:  2    Int:  9    God:
Gold:   47         SH:  0    Dex: 16    Spells: 14/14 levels left

rFire   . . .      SeeInvis .    a - +0 quarterstaff
rCold   . . .      Faith    .    (shield currently unavailable)
rNeg    . . .      Spirit   .    h - +3 plate armour
rPois   .          Reflect  .    b - +0 helmet
rElec   .          Harm     .    (no cloak)
rCorr   .          Rampage  .    (no gloves)
Will    .....                    (no boots) Stlth
                                 (no amulet)
HPRegen 0.26/turn                (no ring)
MPRegen 0.13/turn                (no ring)

@: slowed, very slow
A: fangs 1, strong nose, distributed training
a: no special abilities


You were on level 2 of the Dungeon.
You visited 1 branch of the dungeon, and saw 2 of its levels.

You collected 47 gold pieces.

Inventory:

Hand Weapons
 a - a +0 quarterstaff (weapon)
Armour
 b - a +0 helmet (worn)
 d - a +0 robe
 h - a +3 plate armour (worn)
Scrolls
 c - 2 scrolls of teleportation
 e - a scroll of immolation {unknown}
 f - a scroll of enchant armour {unknown}
 g - 2 scrolls of identify {unknown}
 i - a scroll of brand weapon {unknown}
Potions
 j - a potion of attraction {unknown}
 k - a potion of berserk rage {unknown}
 l - a potion of heal wounds {unknown}


   Skills:
 + Level 1.4 Fighting
 + Level 1.4 Short Blades
 + Level 1.4 Long Blades
 + Level 1.4 Axes
 + Level 1.4 Maces & Flails
 + Level 1.4 Polearms
 + Level 8.6 Staves
 + Level 1.4 Ranged Weapons
 + Level 1.4 Throwing
 + Level 2.9 Armour
 + Level 1.4 Dodging
 + Level 2.7 Stealth
 + Level 1.4 Shields
 + Level 1.4 Unarmed Combat
 + Level 5.2 Spellcasting
 + Level 3.9 Conjurations
 + Level 1.1 Hexes
 + Level 1.1 Summonings
 + Level 1.1 Necromancy
 + Level 1.1 Translocations
 + Level 1.1 Transmutations
 + Level 1.1 Fire Magic
 + Level 1.1 Ice Magic
 + Level 1.1 Air Magic
 + Level 1.1 Earth Magic
 + Level 1.1 Poison Magic
 + Level 1.6 Invocations
 + Level 1.4 Evocations


You had 14 spell levels left.
You didn't know any spells.
Your spell library contained the following spells:

 Spells                   Type           Power      Damage    Failure   Level
 Kiss of Death            Conj/Necr      24%        2d7       100%        1
 Shock                    Conj/Air       24%        1d4       100%        1
 Static Discharge         Conj/Air       12%        2-3/arc   100%        2


Dungeon Overview and Level Annotations

Branches:
Dungeon (2/15)

Altars:


Innate Abilities, Weirdness & Mutations

You have very sharp teeth.
Your uncanny sense of smell can sniff out nearby items.
Your experience applies equally to all skills.


Message History

* * * LOW HITPOINT WARNING * * *
The gnoll hits you but does no damage. x2
The ball python hisses angrily.
You sock the gnoll!
You kill the gnoll!
The gnoll hits you but does no damage. The gnoll completely misses you.
You have reached level 5!
You thump the gnoll!
The gnoll is severely wounded.
The gnoll hits you from afar with a +0 spear.
* * * LOW HITPOINT WARNING * * *
The gnoll hits you but does no damage.
The gnoll hits you from afar with a +0 spear.
* * * LOW HITPOINT WARNING * * *
The gnoll barely misses you.
You closely miss the gnoll.
The gnoll is severely wounded.
The ball python bites you but does no damage.
The ball python grabs you. The ball python constricts you.
The gnoll hits you but does no damage. x2
You barely miss the gnoll.
The gnoll is severely wounded.
The ball python bites you but does no damage.
The ball python constricts you.
The gnoll hits you but does no damage. x2
The ball python bites you but does no damage.
The ball python constricts you. The gnoll hits you with a +0 club.
* * * LOW HITPOINT WARNING * * *
The gnoll hits you but does no damage.
You sock the gnoll!
You kill the gnoll!
The ball python bites you but does no damage.
The ball python constricts you.
The gnoll hits you from afar with a +0 spear.
* * * LOW HITPOINT WARNING * * *
The ball python bites you but does no damage.
The ball python constricts you.
* * * LOW HITPOINT WARNING * * *
You escape the ball python's grasp.
The gnoll hits you from afar with a +0 spear.
You die...

#.................
#.##..........# #
####.......#
######..# #....#
#.#.####.#
#.#).....#
#####S...#####
#.....@..#
#.#.g###.# #.# .#
#. ## . . ..


You could see a gnoll and a ball python.

Vanquished Creatures
  Natasha (D:2)
  3 gnolls (D:2)
  3 adders (D:2)
  A ball python (D:1)
  6 endoplasms
  2 giant cockroaches (D:1)
  4 goblins
  4 hobgoblins (D:1)
  6 jackals
  2 kobolds
  2 quokkas (D:1)
  A bat (D:2)
  4 frilled lizards
  2 rats
41 creatures vanquished.

Vanquished Creatures (others)
  A fungus (D:1)
1 creature vanquished.

Grand Total: 42 creatures vanquished

Notes
Turn   | Place    | Note
-------+----------+-------------------------------------------
     0 | D:1      | hbarley the Gnoll Wanderer began the quest for the Orb.
     0 | D:1      | hbarley set off with the following items: a +0
                  | quarterstaff, a +0 helmet, a scroll of teleportation, a +0
                  | robe; and the following spells available to memorise: Kiss
                  | of Death, Shock, Static Discharge.
     0 | D:1      | Reached XP level 1. HP: 13/13 MP: 6/6
    66 | D:1      | Reached XP level 2. HP: 9/19 MP: 7/7
   477 | D:1      | Reached skill level 5 in Spellcasting
   477 | D:1      | Reached XP level 3. HP: 24/25 MP: 7/9
   503 | D:1      | Found a faded altar of an unknown god.
   751 | D:2      | Reached skill level 1 in Invocations
   761 | D:2      | HP: 1/25 [jackal (1)]
   763 | D:2      | Reached skill level 1 in Fighting
   763 | D:2      | Reached skill level 1 in Short Blades
   763 | D:2      | Reached skill level 1 in Long Blades
   763 | D:2      | Reached skill level 1 in Axes
   763 | D:2      | Reached skill level 1 in Maces & Flails
   763 | D:2      | Reached skill level 1 in Polearms
   763 | D:2      | Reached skill level 1 in Ranged Weapons
   763 | D:2      | Reached skill level 1 in Throwing
   763 | D:2      | Reached skill level 1 in Dodging
   763 | D:2      | Reached skill level 1 in Shields
   763 | D:2      | Reached skill level 1 in Unarmed Combat
   763 | D:2      | Reached skill level 1 in Evocations
  1099 | D:2      | Reached XP level 4. HP: 32/32 MP: 11/11
  1139 | D:2      | Noticed Natasha
  1152 | D:2      | Killed Natasha
  1153 | D:2      | Reached skill level 1 in Hexes
  1153 | D:2      | Reached skill level 1 in Summonings
  1153 | D:2      | Reached skill level 1 in Necromancy
  1153 | D:2      | Reached skill level 1 in Translocations
  1153 | D:2      | Reached skill level 1 in Transmutations
  1153 | D:2      | Reached skill level 1 in Fire Magic
  1153 | D:2      | Reached skill level 1 in Ice Magic
  1153 | D:2      | Reached skill level 1 in Air Magic
  1153 | D:2      | Reached skill level 1 in Earth Magic
  1153 | D:2      | Reached skill level 1 in Poison Magic
  1158 | D:2      | Reached XP level 5. HP: 9/37 MP: 12/12
  1161 | D:2      | HP: 1/37 [constriction (1)]
  1162 | D:2      | Slain by a gnoll

Illustrated notes

Levels and vault maps discovered:
D:1:      eino_arrival_water_cross, layout_basic,
          shapermc_ecumenical_altar_ellora
D:2:      layout_basic, serial_glass, glass_columns_a, glass_columns_a,
          glass_columns_c, glass_columns_b, glass_columns_a, glass_columns_a,
          glass_columns_b, glass_columns_a, glass_columns_b, glass_columns_a,
          uniq_natasha

Skill      XL: |  1  2  3  4 |
---------------+-------------+-----
Spellcasting   | 5 |  5.2
Invocations    | 1 |  1.6
Fighting       | 1 |  1.4
Short Blades   | 1 |  1.4
Long Blades    | 1 |  1.4
Axes           | 1 |  1.4
Maces & Flails | 1 |  1.4
Polearms       | 1 |  1.4
Ranged Weapons | 1 |  1.4
Throwing       | 1 |  1.4
Dodging        | 1 |  1.4
Shields        | 1 |  1.4
Unarmed Combat | 1 |  1.4
Evocations     | 1 |  1.4
Hexes          | 1 |  1.1
Summonings     | 1 |  1.1
Necromancy     | 1 |  1.1
Translocations | 1 |  1.1
Transmutations | 1 |  1.1
Fire Magic     | 1 |  1.1
Ice Magic      | 1 |  1.1
Air Magic      | 1 |  1.1
Earth Magic    | 1 |  1.1
Poison Magic   | 1 |  1.1
Staves         | |  8.6
Armour         | |  2.9
Stealth        | |  2.7
Conjurations   | |  3.9

Action                     |  1- 3 |  4- 6 || total
---------------------------+-------+-------++-------
  Melee: Quarterstaff      |    84 |    21 ||   105
         Bite              |     7 |     4 ||    11
   Stab: Sleeping          |     7 |       ||     7
 Armour: Robe              |    26 |       ||    26
         Plate armour      |    14 |    38 ||    52
  Dodge: Dodged            |    46 |     3 ||    49

Table legend: (Time is in decaauts)
 A = Elapsed time spent in this place.
 B = Non-inter-level travel time spent in this place.
 C = Inter-level travel time spent in this place.
 D = Time resting spent in this place.
 E = Time spent auto-exploring this place.
 F = Levels seen in this place.
 G = Mean time per level.
                   A        B        C        D        E       F      G
               +--------+--------+--------+--------+--------+-----+--------+
         Total |   1154 |   1057 |     97 |    239 |    591 |   2 |  577.0 |
       Dungeon |   1154 |   1057 |     97 |    239 |    591 |   2 |  577.0 |
               +--------+--------+--------+--------+--------+-----+--------+

Top non-repeatable levels by time:
     D:1: 736 daAuts
     D:2: 418 daAuts
